 Dungeon Crawl Stone Soup version 0.27.1-33-g824d729ab1 (webtiles) character file.

Game seed: 13715124858565824792

280 McKennaii the Magician (level 5, -2/38 HPs)
             Began as a Demigod Conjurer on Dec 4, 2021.
             Slain by Duvessa (4 damage)
             ... on level 4 of the Dungeon.
             The game lasted 00:03:33 (3747 turns).

McKennaii the Magician (Demigod Conjurer)           Turns: 3747, Time: 00:03:33

Health: -2/38      AC:  4    Str:  8    XL:     5   Next: 76%
Magic:  6/16       EV: 12    Int: 24    God:
Gold:   119        SH:  0    Dex: 12    Spells: 11/14 levels left

rFire    . . .     SeeInvis .   t - +0 spear (venom)
rCold    . . .     Faith    .   (no shield)
rNeg     . . .     Spirit   .   a - +0 robe
rPois    .         Reflect  .   f - +0 helmet
rElec    .         Harm     .   n - +0 cloak
rCorr    .         Rampage  .   (no gloves)
Will     .....                  (no boots)
Stlth    ++........             (no amulet)
HPRegen  0.12/turn              o - ring of flight
MPRegen  0.15/turn              (no ring)

@: flying
A: high mp 1, forlorn
a: no special abilities


You were on level 4 of the Dungeon.
You visited 1 branch of the dungeon, and saw 4 of its levels.

You collected 143 gold pieces.
You spent 24 gold pieces at shops.

Inventory:

Hand Weapons
 t - a +0 spear of venom (weapon)
Armour
 a - a +0 robe (worn)
 f - a +0 helmet (worn)
 n - a +0 cloak (worn)
Jewellery
 o - a ring of flight (left hand)
Wands
 p - a wand of paralysis (10)
 s - a wand of iceblast (10)
Scrolls
 c - 3 scrolls of identify {unknown}
 d - 2 scrolls of teleportation {unknown}
 g - a scroll of enchant armour {unknown}
 h - a scroll of amnesia {unknown}
 i - 2 scrolls of vulnerability {unknown}
 j - 2 scrolls of fog {unknown}
 m - a scroll of fear {unknown}
 r - a scroll of enchant weapon {unknown}
Potions
 b - 3 potions of heal wounds {unknown}
 e - a potion of invisibility {unknown}
 k - a potion of lignification {unknown}
 l - a potion of cancellation {unknown}
 q - a potion of attraction {unknown}


   Skills:
 - Level 1.7 Dodging
 - Level 1.7 Stealth
 + Level 5.4 Spellcasting
 - Level 3.6 Conjurations


You had 11 spell levels left.
You knew the following spells:

 Your Spells              Type           Power      Damage    Failure   Level
a - Magic Dart            Conj           92%        1d7       1%          1
b - Searing Ray           Conj           46%        3d4       3%          2

Your spell library contained the following spells:

 Spells                   Type           Power      Damage    Failure   Level
 Dazzling Flash           Conj/Hex       30%        N/A       12%         3
 Fulminant Prism          Conj/Hex       7%         3d7       38%         4
 Iskenderun's Mystic Bla  Conj/Tloc      15%        2d5       38%         4


Dungeon Overview and Level Annotations

Branches:
Dungeon (4/15)             Temple (0/1) D:4

Shops:
D:2 *

Annotations:
D:4 Duvessa


Innate Abilities, Weirdness & Mutations

Your attributes grow dramatically as you level up.
You have an increased reservoir of magic. (+10% MP)
You shall have no god before yourself.


Message History

Duvessa says, "When magic and the sword combine, nothing stands against them."
Unknown command.
Casting: Searing Ray (safe; 3% risk of failure)
Confirm with . or Enter, or press ? or * to list all spells.
Aiming: Searing Ray (safe; 3% risk of failure)
Press: ? - help, Shift-Dir - straight line, f/p - Dowan
Aim: Dowan, wielding a +0 dagger and wearing a +0 robe (almost dead, 69% to hit)
The searing ray hits Duvessa.
Duvessa is lightly wounded.
The searing ray hits Dowan.
You kill Dowan!
Duvessa screams, "No!
How DARE you!"
Duvessa goes berserk! (Press . to maintain the ray.)
The searing ray hits Duvessa but does no damage.
Duvessa is lightly wounded.
Duvessa hits you with a +0 short sword! Duvessa hits you with a +0 short sword.
Unknown command.
The searing ray hits Duvessa.
Duvessa is lightly wounded.
Duvessa closely misses you.
Unknown command.
The searing ray hits Duvessa.
Duvessa is moderately wounded.
You finish channeling your searing ray.
Duvessa hits you with a +0 short sword! x2
* * * LOW HITPOINT WARNING * * *
Unknown command.
Aiming: Paralyse
Press: ? - help, Shift-Dir - straight line, f - Duvessa
Aim: Duvessa, wielding a +0 short sword and wearing a +0 scale mail (lightly wounded, berserk, fast, chance to affect: 28%) Duvessa easily resists.
Duvessa completely misses you.
Aiming: Paralyse
Press: ? - help, Shift-Dir - straight line, f/p - Duvessa
Aim: Duvessa, wielding a +0 short sword and wearing a +0 scale mail (lightly wounded, berserk, fast, chance to affect: 28%) Duvessa easily resists.
Duvessa misses you. Duvessa barely misses you.
Aiming: Paralyse
Press: ? - help, Shift-Dir - straight line, f/p - Duvessa
Aim: Duvessa, wielding a +0 short sword and wearing a +0 scale mail (lightly wounded, berserk, fast, chance to affect: 28%) Duvessa easily resists.
Duvessa hits you with a +0 short sword.
You die...

.#.#..# #.# #.......#
#.# >.....####>#
#....(..# #.#
.#.........# #...#
#.# .....####(.#
#..########.# .#.###
#†.# #.).........#
<#.# #..#
##.########## .#.#
#..# #.# ...# #..#
#e# ..## #..# ##@##
..# #..####...###
..### #...........#
....#####.#####...#.#
............ ...##.#
#.#.#####.## ##### #
#†#.# #. #.#.# ..
#.#.## ..


You could see Duvessa (berserk, fast).

Vanquished Creatures
  Dowan (D:4)
  An orc priest (D:4)
  An iguana (D:4)
  2 hound skeletons (D:4)
  3 gnolls
  3 adders
  An ufetubus (D:4)
  2 worms
  A dart slug (D:4)
  7 orcs
  3 ball pythons
  4 endoplasms
  7 giant cockroaches
  4 goblins
  6 hobgoblins
  4 jackals (D:2)
  7 quokkas
  3 bats
  9 frilled lizards
  7 kobolds
  A rat (D:1)
77 creatures vanquished.

Notes
Turn   | Place    | Note
-------+----------+-------------------------------------------
     0 | D:1      | McKennaii the Demigod Conjurer began the quest for the Orb.
     0 | D:1      | Reached XP level 1. HP: 14/14 MP: 5/5
   123 | D:1      | Reached skill level 2 in Spellcasting
   336 | D:1      | Reached XP level 2. HP: 20/20 MP: 6/8
   617 | D:1      | Learned a level 2 spell: Searing Ray
  1170 | D:2      | Reached skill level 3 in Spellcasting
  1308 | D:2      | Reached XP level 3. HP: 26/26 MP: 6/10
  1848 | D:2      | Found Okhot's Assorted Antiques.
  1906 | D:2      | Bought a sedimented pink potion for 24 gold pieces
  2243 | D:3      | Reached XP level 4. HP: 33/33 MP: 8/12
  2594 | D:3      | Reached skill level 4 in Spellcasting
  2888 | D:4      | Noticed Dowan
  2897 | D:4      | Reached XP level 5. HP: 31/38 MP: 9/15
  3248 | D:4      | Reached skill level 5 in Spellcasting
  3496 | D:4      | Found a staircase to the Ecumenical Temple.
  3729 | D:4      | Noticed Duvessa
  3741 | D:4      | Killed Dowan
  3744 | D:4      | HP: 1/38 [Duvessa (11)]
  3747 | D:4      | Slain by Duvessa

Illustrated notes

Levels and vault maps discovered:
D:1:      roderic_chinese_lattice_arrival, layout_basic, minmay_pentomino_o4
D:2:      layout_basic, serial_shops, shop, grunt_ministairs_10,
          minmay_misc_feat_x
D:3:      layout_basic, mainiacjoe_overflow_small_starburst
D:4:      layout_loops_ring, nicolae_qazlal_eye_of_the_storm,
          kennysheep_mini_moat, minmay_temple_entry_grid, uniq_duvessa

Skill      XL: |  1  2  3  4  5 |
---------------+----------------+-----
Spellcasting   | 2 3 4 5 |  5.4
Dodging        | |  1.7
Stealth        | |  1.7
Conjurations   | |  3.6

Action                   |  1- 3 |  4- 6 || total
-------------------------+-------+-------++-------
Melee: Unarmed           |    19 |       ||    19
 Cast: Magic Dart        |   102 |    61 ||   163
       Searing Ray       |     2 |     8 ||    10
Evoke: Wand              |       |     3 ||     3
Armor: Robe              |     5 |     3 ||     8
Dodge: Dodged            |    25 |    17 ||    42
